 Dungeon Crawl Stone Soup version 0.32-a0-675-gdc239d62e1 (webtiles) character file.

Game seed: 4695215141618688885

35 javelincjr the Grasshopper (level 3, 0/28 HPs)
             Began as a Demonspawn Warper on Mar 11, 2024.
             Slain by Terence
             ... wielding a +0 flail
              (12 damage)
             ... on level 2 of the Dungeon.
             The game lasted 00:02:53 (1104 turns).

javelincjr the Grasshopper (Demonspawn Warper)      Turns: 1104, Time: 00:02:53

Health: 0/28       AC:  3    Str: 13    XL:     3   Next: 16%
Magic:  6/6        EV: 11    Int: 13    God:
Gold:   90         SH:  0    Dex: 12    Spells: 6/6 levels left

rFire   . . .        a - +0 spear
rCold   . . .        (no shield)
rNeg    . . .        b - +0 leather armour
rPois   .            (no helmet)
rElec   .            (no cloak)
rCorr   .            (no gloves)
SInv    .            (no boots)
Will    .....        (no amulet)
Stlth   +            (no ring)
HPRegen 0.24/turn    (no ring)
MPRegen 0.10/turn

%: no passive effects
@: no status effects
A: hooves 1
a: no special abilities


You were on level 2 of the Dungeon.
You visited 1 branch of the dungeon, and saw 2 of its levels.

You collected 90 gold pieces.

Inventory:

Hand Weapons
 a - a +0 spear (weapon)
Missiles
 d - 7 darts of dispersal (quivered)
 l - a throwing net
Armour
 b - a +0 leather armour (worn)
Scrolls
 c - a scroll of blinking
 e - a scroll of fog {unknown}
 f - a scroll of teleportation {unknown}
 h - a scroll of noise {unknown}
 m - a scroll of identify {unknown}
Potions
 g - a potion of haste {unknown}
 i - a potion of curing {unknown}
 j - a potion of berserk rage {unknown}
 k - a potion of invisibility {unknown}


   Skills:
 * Level 2.5 Fighting
 + Level 2.1 Polearms
 - Level 0.8 Throwing
 + Level 1.3 Armour
 + Level 2.0 Dodging
 + Level 2.2 Spellcasting
 + Level 2.8 Translocations


You had 6 spell levels left.
You didn't know any spells.
Your spell library contained the following spells:

 Spells                   Type           Power      Damage    Failure   Level
 Blink                    Tloc           16%        N/A       14%         2
 Lesser Beckoning         Tloc           16%        N/A       14%         2
 Teleport Other           Tloc           8%         N/A       28%         3
 Manifold Assault         Tloc           8%         N/A       67%         4
 Vhi's Electric Charge    Tloc/Air       10%        N/A       87%         4


Dungeon Overview and Level Annotations

Branches:
Dungeon (2/15)

Altars:

Annotations:
D:2 Terence


Innate Abilities, Weirdness & Mutations

You have large cloven feet.


Message History

You open the door.
Found a stone staircase leading down.
You open the door.
You now have 80 gold pieces (gained 17).
Found 3 stones.
Found a robe.
You now have 90 gold pieces (gained 10).
A ball python comes into view.
Found an escape hatch in the ceiling.
The ball python hisses angrily.
You hit the ball python.
You kill the ball python!
No target in view!
No target in view!
m - a scroll labelled EDAFFO ELAZOD Terence the Incautious comes into view.
He is wielding a +0 flail.
You reach to attack!
You hit Terence but do no damage. You closely miss Terence.
Your kick misses Terence. Terence hits you with a +0 flail.
You hit Terence.
Terence is lightly wounded.
Terence closely misses you.
You closely miss Terence.
Terence is lightly wounded.
Terence hits you with a +0 flail!
You are too injured to fight recklessly!
You hit Terence. Your kick misses Terence.
Terence is moderately wounded.
Terence closely misses you.
You hit Terence. You kick Terence, but do no damage.
Terence is moderately wounded.
Terence hits you with a +0 flail.
You closely miss Terence.
Terence is moderately wounded.
Terence closely misses you.
You barely miss Terence.
Terence is moderately wounded.
Terence hits you with a +0 flail!
You die...
Terence says, "Time to find some more victims."

#.............##.....#
#.............##.#.#..#
#..............#.......#
####.#.#...###...#.#.....
#.....#.# ###.........+
#.#.#.#.# ##........#
#.....#.## .........#
####.....###.#.#.#
####...@@......
#.####.#.#.# #.# .....
#.# .#.# #.# ... #.. .#
### .


You could see Terence.

Vanquished Creatures
  An adder (D:2)
  3 ball pythons
  3 endoplasms (D:1)
  A giant cockroach (D:1)
  3 goblins (D:1)
  3 hobgoblins (D:1)
  4 jackals (D:1)
  A quokka (D:1)
  2 rats (D:1)
21 creatures vanquished.

Notes
Turn   | Place    | Note
-------+----------+-------------------------------------------
     0 | D:1      | javelincjr the Demonspawn Warper began the quest for the
                  | Orb.
     0 | D:1      | Reached XP level 1. HP: 16/16 MP: 3/3
    55 | D:1      | Reached skill level 1 in Armour
   355 | D:1      | Gained mutation: You have large cloven feet. [demonic
                  | ancestry]
   355 | D:1      | Reached XP level 2. HP: 22/22 MP: 5/5
   388 | D:1      | Found a faded altar of an unknown god.
   994 | D:2      | Reached XP level 3. HP: 28/28 MP: 6/6
  1094 | D:2      | Noticed Terence
  1104 | D:2      | Slain by Terence

Illustrated notes

Levels and vault maps discovered:
D:1:      heliophobic_arrival_ceremonial_halls, layout_loops_ring,
          shapermc_ecumenical_altar_flowoftime, minmay_misc_feat_room
D:2:      layout_basic, serial_glass, glass_columns_c, glass_columns_a,
          glass_columns_b, glass_columns_a, glass_columns_a, glass_columns_a,
          glass_columns_a, glass_columns_c, uniq_terence

Skill      XL: |  1  2 |
---------------+-------+-----
Armour         | 1 |  1.3
Polearms       | 2 |  2.1
Dodging        | 2 |  2.0
Fighting       | |  2.5
Throwing       | |  0.8
Spellcasting   | |  2.2
Translocations | |  2.8

Action                     || total
---------------------------++-------
  Melee: Spear             ||   111
         Kick              ||    15
   Stab: Sleeping          ||     1
 Armour: Leather armour    ||    43
  Dodge: Dodged            ||    39

Table legend: (Time is in decaauts)
 A = Elapsed time spent in this place.
 B = Non-inter-level travel time spent in this place.
 C = Inter-level travel time spent in this place.
 D = Time resting spent in this place.
 E = Time spent auto-exploring this place.
 F = Levels seen in this place.
 G = Mean time per level.
                   A        B        C        D        E       F      G
               +--------+--------+--------+--------+--------+-----+--------+
         Total |   1104 |   1088 |     16 |      0 |    904 |   2 |  552.0 |
       Dungeon |   1104 |   1088 |     16 |      0 |    904 |   2 |  552.0 |
               +--------+--------+--------+--------+--------+-----+--------+

Top non-repeatable levels by time:
     D:1: 922 daAuts
     D:2: 181 daAuts
